 Dungeon Crawl Stone Soup version 0.26.0-10-g1f06aea511 (webtiles) character file.

Game seed: 16060051973694520808

22 Borgoz the Skirmisher (level 2, -11/26 HPs)
             Began as a Ghoul Monk on Jan 15, 2021.
             Mangled by an orc warrior
             ... wielding a +0 glaive
              (23 damage)
             ... on level 2 of the Dungeon.
             The game lasted 00:01:03 (1033 turns).

Borgoz the Skirmisher (Ghoul Monk)                  Turns: 1033, Time: 00:01:04

Health: -11/26     AC:  3    Str: 14    XL:     2   Next: 91%
Magic:  1/1        EV: 12    Int:  5    God:
Gold:   53         SH:  0    Dex: 11    Spells: 1/1 levels left

rFire    . . .     SeeInvis .   a - +1 falchion
rCold    + . .     Faith    .   (no shield)
rNeg     + + +     Spirit   .   f - +0 leather armour
rPois    ∞         Reflect  .   (no helmet)
rElec    .         Harm     .   (no cloak)
rCorr    .         Rampage  .   (no gloves)
Will     .....                  (no boots)
Stlth    ++........             (no amulet)
HPRegen  0.00/turn              (no ring)
MPRegen  0.07/turn              (no ring)

@: no status effects
A: claws 1, cold resistance 1, negative energy resistance 3, inhibited
regeneration, torment resistance, unbreathing
a: no special abilities


You were on level 2 of the Dungeon.
You visited 1 branch of the dungeon, and saw 2 of its levels.

You collected 53 gold pieces.

Inventory:

Hand Weapons
 a - a +1 falchion (weapon)
Armour
 f - a +0 leather armour (worn)
Scrolls
 b - a scroll of remove curse
Potions
 c - a potion of might {unknown}
 d - a potion of invisibility {unknown}


   Skills:
 + Level 3.5 Fighting
 * Level 3.1 Long Blades
 * Level 3.1 Dodging
 - Level 2.1 Stealth


You had one spell level left.
You didn't know any spells.
Your spell library was empty.

Dungeon Overview and Level Annotations

Branches:
Dungeon (2/15)

Altars:
The Shining One


Innate Abilities, Weirdness & Mutations

You thrive by killing the living.
You are immune to poison.
You have sharp fingernails.
Your flesh is cold resistant. (rC+)
You are immune to negative energy. (rN+++)
You do not regenerate when monsters are visible.
You are immune to unholy pain and torment.
You can survive without breathing.


Message History

The puff of flame hits you! The bat barely misses you.
You closely miss the bat. The bat barely misses you.
You hit the frilled lizard.
You kill the frilled lizard!
The bat hits you but does no damage. The orc warrior completely misses you.
The bat hits you. The orc warrior closely misses you.
The orc wizard casts a spell at you. The magic dart hits you.
The orc wizard points at itself and mumbles some strange words.
The orc wizard flickers and vanishes!
Deactivating autopickup; reactivate with Ctrl-A.
The orc warrior closely misses you.
You riposte.
You closely miss the orc warrior.
You see here a dagger.
The bat closely misses you. The bat misses you.
You riposte.
You miss the bat. Something hits you.
The orc warrior hits you from afar with a +0 glaive!!
Ouch! That really hurt!
You die...

######## ###
#....†.. ..#
#.###### ####.#
#######.######
.....
.............#
...#########.####.)
!.#.........# ###
#.#.#########
....###@#.#.....
.....o{b.........
###...o..........
#.......#..$...
#.......#......
..........#.!....
###.#####.# .....
#. ### ..... #


You could see an orc warrior, an orc and a bat.

Vanquished Creatures
  A ball python (D:1)
  4 goblins
  2 hobgoblins (D:1)
  4 kobolds (D:1)
  4 bats (D:1)
  3 frilled lizards
  4 rats (D:1)
22 creatures vanquished.

Vanquished Creatures (others)
  7 toadstools (D:1)
7 creatures vanquished.

Grand Total: 29 creatures vanquished

Notes
Turn   | Place    | Note
-------+----------+-------------------------------------------
     0 | D:1      | Borgoz the Ghoul Monk began the quest for the Orb.
     0 | D:1      | Reached XP level 1. HP: 19/19 MP: 0/0
   375 | D:1      | Found a glowing golden altar of the Shining One.
   393 | D:1      | Reached XP level 2. HP: 26/26 MP: 1/1
  1026 | D:2      | Noticed an orc warrior
  1033 | D:2      | Mangled by an orc warrior

Illustrated notes

Levels and vault maps discovered:
D:1:      nagdon_arrival_double_spiral, layout_loops_corners, tso_metal_star
D:2:      layout_basic

Skill      XL: |  1  2 |
---------------+-------+-----
Dodging        | 3 |  3.1
Long Blades    | 3 |  3.1
Fighting       | |  3.5
Stealth        | |  2.1

Action                   || total
-------------------------++-------
Melee: Falchion          ||    59
  Use: Scroll            ||     4
 Stab: Sleeping          ||     2
Armor: Robe              ||     5
       Leather armour    ||     3
Dodge: Dodged            ||    35
       Rpst.: Falchion   ||     9
